AA NE
ERIE SEAWOLVES @ HARTFORD YARD GOATS
05/04/2042
 
TOP OF THE 1ST
Erie SeaWolves batting - Pitching for Hartford Yard Goats : RHP Greg Ashby
Pitching: RHP Greg Ashby
Batting: LHB José Hernández 0-0: Ball
1-0: Foul Ball, location: 2F
1-1: Ball
2-1: Ground out 3-1 (Groundball, 13, EV 83.1 MPH)
Batting: RHB Rocky Brown 0-0: Ball
1-0: Ball
2-0: Called Strike
2-1: Foul Ball, location: 23FF
2-2: Foul Ball, location: 9LMF
2-2: Foul Ball, location: 9LSF
2-2: Strikes out swinging
Batting: LHB Víctor Echevarría 0-0: Foul Ball, location: 7LSF
0-1: Swinging Strike
0-2: Ball
1-2: DOUBLE (Flyball, 89D, EV 105.0 MPH)
Batting: SHB Dave Brooks 0-0: Ground out 1-3 (Groundball, 15, EV 74.4 MPH)
Top of the 1st over - 0 runs, 1 hit, 0 errors, 1 left on base; Erie 0 - Hartford 0
BOTTOM OF THE 1ST
Hartford Yard Goats batting - Pitching for Erie SeaWolves : RHP Jamal Smith
Pitching: RHP Jamal Smith
Batting: RHB Ben Austin 0-0: Foul Ball, location: 7LSF
0-1: Ball
1-1: Swinging Strike
1-2: Hit by Pitch
Batting: RHB Tom Spencer 0-0: Ball
1-0: Called Strike
1-1: Swinging Strike
1-2: Ball
2-2: Strikes out looking
Batting: RHB Jorge Ortega 0-0: Called Strike
Ben Austin steals 2nd base
0-1: Foul Ball, location: 2F
0-2: Ball
1-2: Ball
2-2: Strikes out swinging
Batting: LHB Mike Gibson 0-0: Ball
1-0: Called Strike
1-1: Ball
2-1: Swinging Strike
2-2: Ball
3-2: Base on Balls
Batting: RHB Ben Pearcy 0-0: Swinging Strike
0-1: Swinging Strike
0-2: Ball
1-2: Strikes out swinging
Bottom of the 1st over - 0 runs, 0 hits, 0 errors, 2 left on base; Erie 0 - Hartford 0
TOP OF THE 2ND
Erie SeaWolves batting - Pitching for Hartford Yard Goats : RHP Greg Ashby
Batting: RHB Bob Adams 0-0: Foul Ball, location: 9LSF
0-1: Ball
1-1: Swinging Strike
1-2: Strikes out swinging
Batting: SHB António González 0-0: Called Strike
0-1: Foul Ball, location: 3FF
0-2: Ball
1-2: Strikes out swinging
Batting: RHB Dan Strong 0-0: Ball
1-0: Ball
2-0: Called Strike
2-1: Foul Ball, location: 2F
2-2: Foul Ball, location: 23F
2-2: Ball
3-2: Base on Balls
Batting: RHB Héctor Gallegos 0-0: Foul Ball, location: 5FF
0-1: Ball
1-1: Swinging Strike
1-2: Ball
2-2: Ball
3-2: Foul Ball, location: 2F
3-2: Base on Balls
Dan Strong to second
Batting: RHB Oliver Vera 0-0: Fielders Choice at 2nd, 6-4 (Groundball, 6, EV 85.6 MPH)
Top of the 2nd over - 0 runs, 0 hits, 0 errors, 2 left on base; Erie 0 - Hartford 0
BOTTOM OF THE 2ND
Hartford Yard Goats batting - Pitching for Erie SeaWolves : RHP Jamal Smith
Batting: RHB Iván Ojeda 0-0: Called Strike
0-1: Foul Ball, location: 7LSF
0-2: SINGLE (Groundball, 56D, EV 110.6 MPH)
Batting: RHB Dave Howard 0-0: Ball
1-0: Bunt - Flyout to 15S - DP at third! 1-3
Batting: RHB Greg Ashby 0-0: Ball
1-0: Foul Ball, location: 3FF
1-1: Foul Ball, location: 23F
1-2: Ball
2-2: Foul Ball, location: 2F
2-2: Foul Ball, location: 2F
2-2: Strikes out swinging, 2-3 out at first.
Bottom of the 2nd over - 0 runs, 1 hit, 0 errors, 0 left on base; Erie 0 - Hartford 0
TOP OF THE 3RD
Erie SeaWolves batting - Pitching for Hartford Yard Goats : RHP Greg Ashby
Batting: LHB José Hernández 0-0: Ball
1-0: Foul Ball, location: 2F
1-1: Ball
2-1: Fly out, F5 (Popup, 5SF, EV 67.5 MPH)
Batting: RHB Rocky Brown 0-0: Ball
1-0: Called Strike
1-1: Foul Ball, location: 9LMF
1-2: Ball
2-2: Foul Ball, location: 2F
2-2: Fly out, F7 (Flyball, 7S, EV 95.6 MPH)
Batting: LHB Víctor Echevarría 0-0: Ball
1-0: Ball
2-0: Called Strike
2-1: Ball
3-1: Swinging Strike
3-2: Fly out, F8 (Flyball, 8RS, EV 98.8 MPH)
Top of the 3rd over - 0 runs, 0 hits, 0 errors, 0 left on base; Erie 0 - Hartford 0
BOTTOM OF THE 3RD
Hartford Yard Goats batting - Pitching for Erie SeaWolves : RHP Jamal Smith
Batting: RHB Tim Brown 0-0: Called Strike
0-1: Swinging Strike
0-2: Foul Ball, location: 5FF
0-2: Hit by Pitch
Batting: RHB Ben Austin 0-0: Sac Bunt to 2R - play at first, batter OUT! 2-3
Tim Brown to second
Batting: RHB Tom Spencer 0-0: Called Strike
0-1: Swinging Strike
0-2: Ball
1-2: Foul Ball, location: 23F
1-2: Ball
2-2: Foul Ball, location: 2RF
2-2: Ball
3-2: Hit by Pitch
Batting: RHB Jorge Ortega 0-0: Swinging Strike
0-1: Foul Ball, location: 9LDF
0-2: Ball
1-2: Foul Ball, location: 2F
1-2: SINGLE (Line Drive, 78S, EV 103.1 MPH)
Tim Brown to third
Tom Spencer to second
Batting: LHB Mike Gibson 0-0: Ball
1-0: Ball
2-0: Ball
3-0: Base on Balls
Tim Brown scores
Tom Spencer to third
Jorge Ortega to second
Batting: RHB Ben Pearcy 0-0: Swinging Strike
0-1: Ball
1-1: Fly out, F9 (Flyball, 9, EV 97.5 MPH)
Runner from 3rd tags up, SCORES, throw by RF
Jorge Ortega to third
Batting: RHB Iván Ojeda 0-0: Called Strike
0-1: Called Strike
0-2: Strikes out swinging
Bottom of the 3rd over - 2 runs, 1 hit, 0 errors, 2 left on base; Erie 0 - Hartford 2
TOP OF THE 4TH
Erie SeaWolves batting - Pitching for Hartford Yard Goats : RHP Greg Ashby
Batting: SHB Dave Brooks 0-0: Called Strike
0-1: Swinging Strike
0-2: Ball
1-2: Ball
2-2: Foul Ball, location: 3FF
2-2: Ball
3-2: Base on Balls
Batting: RHB Bob Adams 0-0: DOUBLE (Line Drive, 78XD, EV 105.0 MPH)
Dave Brooks to third
Batting: SHB António González 0-0: Ball
1-0: Called Strike
1-1: Foul Ball, location: 7LMF
1-2: Strikes out swinging
Batting: RHB Dan Strong 0-0: Ball
1-0: Called Strike
1-1: Fly out, F9 (Flyball, 9LS, EV 86.9 MPH)
Batting: RHB Héctor Gallegos 0-0: Called Strike
0-1: Swinging Strike
0-2: Ball
1-2: Ball
2-2: Foul Ball, location: 3SF
2-2: Foul Ball, location: 9LSF
2-2: Ball
3-2: Foul Ball, location: 9LMF
3-2: Base on Balls
Batting: RHB Oliver Vera 0-0: Called Strike
0-1: Ball
1-1: Ball
2-1: Called Strike
2-2: GRAND SLAM HOME RUN (Flyball, 7LD, EV 95.6 MPH), Distance : 343 ft
Batting: LHB José Hernández 0-0: Ball
1-0: Ball
2-0: Called Strike
2-1: Foul Ball, location: 7LSF
2-2: Strikes out looking
Top of the 4th over - 4 runs, 2 hits, 0 errors, 0 left on base; Erie 4 - Hartford 2
BOTTOM OF THE 4TH
Hartford Yard Goats batting - Pitching for Erie SeaWolves : RHP Jamal Smith
Batting: RHB Dave Howard 0-0: Called Strike
0-1: Called Strike
0-2: Foul Ball, location: 2F
0-2: Ball
1-2: Ground out 4-3 (Groundball, 4, EV 86.9 MPH)
Batting: RHB Greg Ashby 0-0: Ball
1-0: Ball
2-0: Ball
3-0: Called Strike
3-1: Foul Ball, location: 9LMF
3-2: Foul Ball, location: 2F
3-2: Base on Balls
Batting: RHB Tim Brown 0-0: Ball
1-0: Ball
2-0: Ball
3-0: Called Strike
3-1: Called Strike
3-2: Base on Balls
Greg Ashby to second
Batting: RHB Ben Austin 0-0: Ball
1-0: Foul Ball, location: 2F
1-1: Ball
2-1: Swinging Strike
2-2: Grounds into double play, 6-4-3 (Groundball, 6, EV 105.0 MPH)
Bottom of the 4th over - 0 runs, 0 hits, 0 errors, 1 left on base; Erie 4 - Hartford 2
TOP OF THE 5TH
Erie SeaWolves batting - Pitching for Hartford Yard Goats : RHP Greg Ashby
Batting: RHB Rocky Brown 0-0: Called Strike
0-1: Ball
1-1: Fly out, F9 (Flyball, 9, EV 90.0 MPH)
Batting: LHB Víctor Echevarría 0-0: Ball
1-0: Ball
2-0: Called Strike
2-1: Swinging Strike
2-2: Strikes out looking
Batting: SHB Dave Brooks 0-0: Swinging Strike
0-1: Foul Ball, location: 2F
0-2: Fly out, F7 (Flyball, 7, EV 92.5 MPH)
Top of the 5th over - 0 runs, 0 hits, 0 errors, 0 left on base; Erie 4 - Hartford 2
BOTTOM OF THE 5TH
Hartford Yard Goats batting - Pitching for Erie SeaWolves : RHP Jamal Smith
Batting: RHB Tom Spencer 0-0: Called Strike
0-1: Ball
1-1: Foul Ball, location: 2F
1-2: Ball
2-2: Ground out 5-3 (Groundball, 56S, EV 90.0 MPH)
Batting: RHB Jorge Ortega 0-0: Called Strike
0-1: Called Strike
0-2: Foul Ball, location: 2F
0-2: Strikes out looking
Batting: LHB Mike Gibson 0-0: Called Strike
0-1: Swinging Strike
0-2: Strikes out swinging
Bottom of the 5th over - 0 runs, 0 hits, 0 errors, 0 left on base; Erie 4 - Hartford 2
TOP OF THE 6TH
Erie SeaWolves batting - Pitching for Hartford Yard Goats : RHP Greg Ashby
Pitching: LHP Orlando Pérez
Batting: RHB Bob Adams 0-0: Ball
1-0: Called Strike
1-1: Called Strike
1-2: Strikes out looking
Batting: SHB António González 0-0: Fly out, F5 (Popup, 56S, EV 66.9 MPH)
Batting: RHB Dan Strong 0-0: Ball
1-0: Foul Ball, location: 2F
1-1: Ball
2-1: Swinging Strike
2-2: Ball
3-2: Strikes out looking
Top of the 6th over - 0 runs, 0 hits, 0 errors, 0 left on base; Erie 4 - Hartford 2
BOTTOM OF THE 6TH
Hartford Yard Goats batting - Pitching for Erie SeaWolves : RHP Jamal Smith
Batting: RHB Ben Pearcy 0-0: Swinging Strike
0-1: Ball
1-1: Foul Ball, location: 5FF
1-2: Fly out, F6 (Line Drive, 6M, EV 65.6 MPH)
Batting: RHB Iván Ojeda 0-0: Fly out, F7 (Flyball, 7, EV 78.1 MPH)
Batting: RHB Dave Howard 0-0: Called Strike
0-1: Ball
1-1: Foul Ball, location: 2F
1-2: Foul Ball, location: 7LSF
1-2: Hit by Pitch
Batting: RHB Greg Ashby 0-0: Ball
1-0: Swinging Strike
1-1: Foul Ball, location: 2LF
1-2: Ball
2-2: Foul Ball, location: 3FF
2-2: Ball
3-2: Foul Ball, location: 2F
3-2: SINGLE (Groundball, 4MS, EV 62.5 MPH) (infield hit)
Dave Howard to second
Pitching: RHP Jon Gómez
Batting: RHB Tim Brown 0-0: Fielders Choice at 2nd, 5-4 (Groundball, 56, EV 80.0 MPH)
Bottom of the 6th over - 0 runs, 1 hit, 0 errors, 2 left on base; Erie 4 - Hartford 2
TOP OF THE 7TH
Erie SeaWolves batting - Pitching for Hartford Yard Goats : LHP Orlando Pérez
Batting: RHB Héctor Gallegos 0-0: Fly out, F9 (Flyball, 89S, EV 84.4 MPH)
Batting: RHB Oliver Vera 0-0: Ball
1-0: Foul Ball, location: 2F
1-1: Foul Ball, location: 3F
1-2: Ball
2-2: Ball
3-2: Foul Ball, location: 9LSF
3-2: Base on Balls
Batting: LHB José Hernández 0-0: Foul Ball, location: 9LMF
0-1: Ball
1-1: Called Strike
1-2: Ball
2-2: Ball
3-2: Grounds into double play, 4-6-3 (Groundball, 4, EV 105.0 MPH)
Top of the 7th over - 0 runs, 0 hits, 0 errors, 0 left on base; Erie 4 - Hartford 2
BOTTOM OF THE 7TH
Hartford Yard Goats batting - Pitching for Erie SeaWolves : RHP Jon Gómez
Batting: RHB Ben Austin 0-0: Called Strike
0-1: Ball
1-1: Swinging Strike
1-2: Foul Ball, location: 5SF
1-2: Ball
2-2: Strikes out swinging
Batting: RHB Tom Spencer 0-0: Ball
1-0: Foul Ball, location: 3SF
1-1: Foul Ball, location: 2F
1-2: Ball
2-2: Foul Ball, location: 2F
2-2: Foul Ball, location: 2F
2-2: Hit by Pitch
Batting: RHB Jorge Ortega 0-0: Swinging Strike
0-1: Fly out, F8 (Flyball, 8LM, EV 85.0 MPH)
Batting: LHB Mike Gibson 0-0: Ball
1-0: Ball
2-0: Called Strike
2-1: 2-RUN HOME RUN (Flyball, 89XD, EV 101.9 MPH), Distance : 403 ft
Batting: RHB Ben Pearcy 0-0: Ball
1-0: Ball
2-0: Called Strike
2-1: SINGLE (Line Drive, 78S, EV 110.0 MPH)
Pinch Hitting: SHB José Flores 0-0: Called Strike
0-1: Ball
1-1: Ball
2-1: Ball
3-1: Called Strike
3-2: Fly out, F1 (Line Drive, P, EV 75.6 MPH)
Bottom of the 7th over - 2 runs, 2 hits, 0 errors, 1 left on base; Erie 4 - Hartford 4
TOP OF THE 8TH
Erie SeaWolves batting - Pitching for Hartford Yard Goats : LHP Orlando Pérez
Now in CF: José Flores
Batting: RHB Rocky Brown 0-0: Ball
1-0: Ball
2-0: Called Strike
2-1: Ball
3-1: Fly out, F7 (Flyball, 78S, EV 85.6 MPH)
Pitching: RHP Walt Scott
Batting: LHB Víctor Echevarría 0-0: Ball
1-0: Foul Ball, location: 7LSF
1-1: Swinging Strike
1-2: Ball
2-2: Strikes out swinging
Batting: SHB Dave Brooks 0-0: Called Strike
0-1: Called Strike
0-2: Strikes out swinging, 2-3 out at first.
Top of the 8th over - 0 runs, 0 hits, 0 errors, 0 left on base; Erie 4 - Hartford 4
BOTTOM OF THE 8TH
Hartford Yard Goats batting - Pitching for Erie SeaWolves : RHP Jon Gómez
Pinch Hitting: SHB John Roberge 0-0: Called Strike
0-1: SINGLE (Groundball, 6MD, EV 98.8 MPH)
Batting: SHB Dave Pleydell 0-0: Bunted foul
0-1: Sac Bunt to 15 - play at first, batter OUT! 1-3
John Roberge to second
Pinch Hitting: RHB Stan Moore 0-0: Ball
1-0: Foul Ball, location: 2F
1-1: Ball
2-1: Called Strike
2-2: Ground out U3 (Groundball, 13, EV 84.4 MPH)
John Roberge to third
Batting: RHB Ben Austin 0-0: Called Strike
0-1: Ball
1-1: Swinging Strike
1-2: Foul Ball, location: 2F
1-2: Fly out, F9 (Flyball, 89D, EV 93.8 MPH)
Bottom of the 8th over - 0 runs, 1 hit, 0 errors, 1 left on base; Erie 4 - Hartford 4
TOP OF THE 9TH
Erie SeaWolves batting - Pitching for Hartford Yard Goats : RHP Walt Scott
Now at C: Ignacio López
Now at SS: Jeff Johnston
Pinch Hitting: LHB Bob Brewer 0-0: Ball
1-0: Foul Ball, location: 9LDF
1-1: Ball
2-1: Ball
3-1: Called Strike
3-2: Foul Ball, location: 7LMFF
3-2: Ground out 5-3 (Groundball, 56S, EV 71.9 MPH)
Batting: SHB António González 0-0: Ball
1-0: DOUBLE (Flyball, 8LXD, EV 102.5 MPH)
Batting: RHB Dan Strong 0-0: Ball
1-0: Ball
2-0: Ball
3-0: Called Strike
3-1: Base on Balls
Pinch Runner at 2nd Kevin Brown:
Pinch Hitting: LHB Manny Blanco 0-0: Ball
1-0: Ball
2-0: Foul Ball, location: 5DF
2-1: Foul Ball, location: 7LMF
2-2: Grounds into double play, 6-4-3 (Groundball, 6, EV 89.4 MPH)
Top of the 9th over - 0 runs, 1 hit, 0 errors, 1 left on base; Erie 4 - Hartford 4
BOTTOM OF THE 9TH
Hartford Yard Goats batting - Pitching for Erie SeaWolves : RHP Jon Gómez
Now at 2B: Tomás Gabriel
Now at 3B: José Díaz
Now in LF: Víctor Echevarría
Now in RF: Bob Brewer
Batting: RHB Tom Spencer 0-0: Called Strike
0-1: Called Strike
0-2: Ball
1-2: Strikes out swinging
Batting: RHB Jorge Ortega 0-0: Ball
1-0: Called Strike
1-1: Ball
2-1: Ball
3-1: Foul Ball, location: 25F
3-2: Fly out, F3 (Popup, 3SF, EV 66.3 MPH)
Batting: LHB Mike Gibson 0-0: Ball
1-0: SOLO HOME RUN (Flyball, 7LD, EV 91.9 MPH), Distance : 340 ft
Bottom of the 9th over - 1 run, 1 hit, 0 errors, 0 left on base; Erie 4 - Hartford 5
Wednesday, May 1st , 2024 - OOTP Baseball 24.10 Build 82